% Time on Ice - PORTLAND PIRATES
Lines # - Real PCT - Wanted PCT - Time Play
Normal Forward
1 - 33% - 33% - 15:49
2 - 33% - 32% - 16:13
3 - 25% - 28% - 12:18
4 - 9% - 7% - 4:15
Normal Defense
1 - 34% - 34% - 16:40
2 - 34% - 34% - 16:30
3 - 29% - 28% - 13:52
4 - 3% - 4% - 1:33
PP Forward
1 - 57% - 60% - 2:16
2 - 43% - 40% - 1:42
PP Defense
1 - 51% - 60% - 2:01
2 - 49% - 40% - 1:57
PK Forward
1 - 67% - 60% - 4:57
2 - 33% - 40% - 2:24
PK Defense
1 - 52% - 60% - 3:51
2 - 48% - 40% - 3:30
PK3 Forward
1 - 0% - 60%
2 - 0% - 40%
PK3 Defense
1 - 0% - 60%
2 - 0% - 40%
44 Forward
1 - 0% - 60%
2 - 0% - 40%
44 Defense
1 - 0% - 60%
2 - 0% - 40%
Last Minute Offensive  - 0:06
Last Minute Defensive  - 0:00
Total
Forward - 60:00
Defense - 60:00
% Time on Ice - VANCOUVER VOODOO
Lines # - Real PCT - Wanted PCT - Time Play
Normal Forward
1 - 33% - 36% - 16:14
2 - 32% - 33% - 15:19
3 - 23% - 25% - 11:21
4 - 12% - 6% - 5:41
Normal Defense
1 - 35% - 36% - 16:58
2 - 37% - 36% - 17:57
3 - 28% - 28% - 13:40
4 - 0% - 0% - 0:00
PP Forward
1 - 56% - 56% - 4:09
2 - 44% - 44% - 3:12
PP Defense
1 - 60% - 59% - 4:26
2 - 40% - 41% - 2:55
PK Forward
1 - 37% - 50% - 1:28
2 - 63% - 50% - 2:30
PK Defense
1 - 54% - 58% - 2:09
2 - 46% - 42% - 1:49
PK3 Forward
1 - 0% - 55%
2 - 0% - 45%
PK3 Defense
1 - 0% - 60%
2 - 0% - 40%
44 Forward
1 - 0% - 50%
2 - 0% - 50%
44 Defense
1 - 0% - 50%
2 - 0% - 50%
Last Minute Offensive  - 0:00
Last Minute Defensive  - 0:06
Total
Forward - 60:00
Defense - 60:00
Play-by-Play 1st period 0:01 of 1st period - Jonathan Toews wins face-off versus Austin Watson in neutral zone. 0:34 of 1st period - Icing by Shea Theodore. 0:35 of 1st period - Eric Staal wins face-off versus Anze Kopitar in VANCOUVER VOODOO zone. 0:50 of 1st period - Shot by Anze Kopitar. 0:50 of 1st period - Shot Misses the Net. 0:52 of 1st period - Shot by Danny DeKeyser. 0:52 of 1st period - Shot Misses the Net. 3:10 of 1st period - Icing by Marcus Pettersson. 3:11 of 1st period - Eric Staal wins face-off versus Bryan Little in VANCOUVER VOODOO zone. 3:16 of 1st period - Shot by Travis Konecny. 3:16 of 1st period - Shot Misses the Net. 3:21 of 1st period - Bryan Little is hit by Thomas Chabot. 3:40 of 1st period - Shot by Bryan Rust. 3:40 of 1st period - Shot Misses the Net. 3:42 of 1st period - Shot by Noel Acciari. 3:42 of 1st period - Stopped by Ben Bishop without a rebound. 3:43 of 1st period - Anze Kopitar wins face-off versus Pavel Zacha in PORTLAND PIRATES zone. 3:43 of 1st period - Kyle Connor is hit by Brian Dumoulin and loses puck. 3:54 of 1st period - Icing by Danny DeKeyser. 3:55 of 1st period - Jonathan Toews wins face-off versus Anze Kopitar in VANCOUVER VOODOO zone. 3:58 of 1st period - Shot by Mike Hoffman. 3:58 of 1st period - Stopped by Carey Price with a rebound. 4:20 of 1st period - Shot by Mike Hoffman. 4:20 of 1st period - Stopped by Carey Price without a rebound. 4:21 of 1st period - Noel Acciari wins face-off versus Yanni Gourde in VANCOUVER VOODOO zone. 4:21 of 1st period - Noel Acciari is hit by Alex Chiasson. 5:10 of 1st period - Icing by Alex Chiasson. 5:11 of 1st period - Yanni Gourde wins face-off versus Carter Verhaeghe in PORTLAND PIRATES zone. 5:25 of 1st period - Minor Penalty to Eric Staal for Tripping. 5:26 of 1st period - Bryan Little wins face-off versus Yanni Gourde in PORTLAND PIRATES zone. 5:33 of 1st period - Shot by Bryan Little. 5:33 of 1st period - Shot Misses the Net. 6:02 of 1st period - Shot by Denis Malgin. 6:02 of 1st period - Deflect By Leo Komarov. 6:02 of 1st period - Shot Blocked by Travis Hamonic. 6:47 of 1st period - Shot by Kyle Connor. 6:47 of 1st period - Shot Misses the Net. 6:49 of 1st period - Shot by Marcus Pettersson. 6:49 of 1st period - Goal by Marcus Pettersson - PORTLAND PIRATES : 0 - VANCOUVER VOODOO : 1. 6:50 of 1st period - Noel Acciari wins face-off versus Eric Staal in neutral zone. 6:52 of 1st period - Bryan Rust is hit by Rasmus Ristolainen and loses puck. 7:16 of 1st period - Off-side. 7:17 of 1st period - Anze Kopitar wins face-off versus Yanni Gourde in neutral zone. 7:17 of 1st period - Kyle Connor is hit by Alex Chiasson and loses puck. 7:46 of 1st period - Shot by Yanni Gourde. 7:46 of 1st period - Shot Misses the Net. 7:52 of 1st period - Yanni Gourde is hit by Austin Watson and loses puck. 7:59 of 1st period - Shot by Anze Kopitar. 7:59 of 1st period - Stopped by Ben Bishop without a rebound. 8:00 of 1st period - Bryan Little wins face-off versus Jonathan Toews in PORTLAND PIRATES zone. 8:07 of 1st period - Gabriel Landeskog is hit by Brendan Lemieux and loses puck. 9:06 of 1st period - Shot by Rickard Rakell. 9:06 of 1st period - Stopped by Carey Price without a rebound. 9:07 of 1st period - Pavel Zacha wins face-off versus Kyle Connor in VANCOUVER VOODOO zone. 9:15 of 1st period - Pavel Zacha is hit by Danny DeKeyser and loses puck. 9:43 of 1st period - Shot by Pavel Zacha. 9:43 of 1st period - Shot Misses the Net. 9:49 of 1st period - Shot by Pavel Zacha. 9:49 of 1st period - Stopped by Carey Price without a rebound. 9:50 of 1st period - Eric Staal wins face-off versus Noel Acciari in VANCOUVER VOODOO zone. 9:53 of 1st period - Shot by Rickard Rakell. 9:53 of 1st period - Stopped by Carey Price without a rebound. 9:54 of 1st period - Noel Acciari wins face-off versus Travis Konecny in VANCOUVER VOODOO zone. 10:11 of 1st period - Shot by Noel Acciari. 10:11 of 1st period - Deflect By Bryan Rust. 10:11 of 1st period - Stopped by Ben Bishop without a rebound. 10:12 of 1st period - Jonathan Toews wins face-off versus Austin Wagner in PORTLAND PIRATES zone. 10:27 of 1st period - Shot by Gabriel Landeskog. 10:27 of 1st period - Deflect By Mike Hoffman. 10:27 of 1st period - Shot Misses the Net. 10:29 of 1st period - Shot by Jonathan Toews. 10:29 of 1st period - Stopped by Carey Price without a rebound. 10:30 of 1st period - Eric Staal wins face-off versus Noel Acciari in VANCOUVER VOODOO zone. 10:59 of 1st period - Shot by Noel Acciari. 10:59 of 1st period - Shot Misses the Net. 11:01 of 1st period - Shot by Noel Acciari. 11:01 of 1st period - Shot Blocked by Brett Pesce. 11:03 of 1st period - Shot by Noel Acciari. 11:03 of 1st period - Stopped by Ben Bishop without a rebound. 11:04 of 1st period - Yanni Gourde wins face-off versus Anze Kopitar in PORTLAND PIRATES zone. 11:10 of 1st period - Austin Watson is hit by Brett Connolly. 11:22 of 1st period - Thomas Chabot is hit by Austin Watson and loses puck. 11:33 of 1st period - Shot by Anze Kopitar. 11:33 of 1st period - Stopped by Ben Bishop without a rebound. 11:34 of 1st period - Bryan Little wins face-off versus Jonathan Toews in PORTLAND PIRATES zone. 11:53 of 1st period - Shot by Leo Komarov. 11:53 of 1st period - Shot Misses the Net. 12:12 of 1st period - Minor Penalty to Gabriel Landeskog for Hooking. 12:13 of 1st period - Yanni Gourde wins face-off versus Anze Kopitar in PORTLAND PIRATES zone. 12:50 of 1st period - Shot by Kyle Connor. 12:50 of 1st period - Shot Misses the Net. 12:52 of 1st period - Shot by Shea Theodore. 12:52 of 1st period - Stopped by Ben Bishop with a rebound. 14:35 of 1st period - Shot by Denis Malgin. 14:35 of 1st period - Stopped by Ben Bishop without a rebound. 14:36 of 1st period - Bryan Little wins face-off versus Yanni Gourde in PORTLAND PIRATES zone. 14:37 of 1st period - Shot by Leo Komarov. 14:37 of 1st period - Stopped by Ben Bishop with a rebound. 14:39 of 1st period - Shot by Devon Toews. 14:39 of 1st period - Stopped by Ben Bishop without a rebound. 14:40 of 1st period - Bryan Little wins face-off versus Jonathan Toews in PORTLAND PIRATES zone. 14:41 of 1st period - Shot by Brendan Lemieux. 14:41 of 1st period - Shot Misses the Net. 14:52 of 1st period - Shot by Bryan Little. 14:52 of 1st period - Shot Misses the Net. 14:56 of 1st period - Shot by Leo Komarov. 14:56 of 1st period - Deflect By Bryan Little. 14:56 of 1st period - Goal by Bryan Little - PORTLAND PIRATES : 0 - VANCOUVER VOODOO : 2. 14:57 of 1st period - Noel Acciari wins face-off versus Eric Staal in neutral zone. 15:10 of 1st period - Shot by Eric Staal. 15:10 of 1st period - Stopped by Carey Price without a rebound. 15:11 of 1st period - Yanni Gourde wins face-off versus Anze Kopitar in VANCOUVER VOODOO zone. 15:23 of 1st period - Brett Connolly is hit by Jay Bouwmeester and loses puck. 15:28 of 1st period - Shot by Yanni Gourde. 15:28 of 1st period - Stopped by Carey Price without a rebound. 15:29 of 1st period - Eric Staal wins face-off versus Noel Acciari in VANCOUVER VOODOO zone. 15:31 of 1st period - Rickard Rakell is hit by Danny DeKeyser and loses puck. 15:44 of 1st period - Travis Hamonic is hit by Noel Acciari and loses puck. 15:59 of 1st period - Thomas Chabot is hit by Noel Acciari and loses puck. 16:30 of 1st period - Shot by Anze Kopitar. 16:30 of 1st period - Deflect By Kyle Connor. 16:30 of 1st period - Shot Blocked by Thomas Chabot. 16:32 of 1st period - Shot by Anze Kopitar. 16:32 of 1st period - Stopped by Ben Bishop without a rebound. 16:33 of 1st period - Bryan Little wins face-off versus Yanni Gourde in PORTLAND PIRATES zone. 16:37 of 1st period - Icing by Rasmus Ristolainen. 16:38 of 1st period - Anze Kopitar wins face-off versus Brett Connolly in PORTLAND PIRATES zone. 16:38 of 1st period - Kyle Connor is hit by Rasmus Ristolainen. 17:04 of 1st period - Minor Penalty to Brett Pesce for Interference. 17:05 of 1st period - Yanni Gourde wins face-off versus Bryan Little in PORTLAND PIRATES zone. 17:20 of 1st period - Shot by Shea Theodore. 17:20 of 1st period - Shot Blocked by Brian Dumoulin. 17:28 of 1st period - Shot by Denis Malgin. 17:28 of 1st period - Shot Blocked by Brian Dumoulin. 17:30 of 1st period - Shot by Shea Theodore. 17:30 of 1st period - Stopped by Ben Bishop with a rebound. 17:32 of 1st period - Shot by Denis Malgin. 17:32 of 1st period - Shot Misses the Net. 17:34 of 1st period - Shot by Bryan Little. 17:34 of 1st period - Shot Blocked by Brian Dumoulin. 17:36 of 1st period - Shot by Denis Malgin. 17:36 of 1st period - Stopped by Ben Bishop without a rebound. 17:37 of 1st period - Anze Kopitar wins face-off versus Rickard Rakell in PORTLAND PIRATES zone. 18:52 of 1st period - Shot by Shea Theodore. 18:52 of 1st period - Stopped by Ben Bishop without a rebound. 18:53 of 1st period - Bryan Little wins face-off versus Yanni Gourde in PORTLAND PIRATES zone. 19:18 of 1st period - Shot by Jonathan Toews. 19:18 of 1st period - Stopped by Carey Price with a rebound. 19:46 of 1st period - Shot by Gabriel Landeskog. 19:46 of 1st period - Deflect By Jonathan Toews. 19:46 of 1st period - Stopped by Carey Price without a rebound. 19:47 of 1st period - Anze Kopitar wins face-off versus Rickard Rakell in VANCOUVER VOODOO zone. 19:54 of 1st period - Shot by Anze Kopitar. 19:54 of 1st period - Shot Misses the Net. 19:56 of 1st period - Shot by Austin Watson. 19:56 of 1st period - Shot Misses the Net. Goals for this period are 0 for PORTLAND PIRATES vs 2 for VANCOUVER VOODOO. Shots for this period are 10 for PORTLAND PIRATES vs 15 for VANCOUVER VOODOO. 2nd period 0:01 of 2nd period - Anze Kopitar wins face-off versus Eric Staal in neutral zone. 0:30 of 2nd period - Shot by Rickard Rakell. 0:30 of 2nd period - Shot Misses the Net. 0:42 of 2nd period - Shot by Travis Konecny. 0:42 of 2nd period - Shot Misses the Net. 0:44 of 2nd period - Shot by Eric Staal. 0:44 of 2nd period - Shot Misses the Net. 1:24 of 2nd period - Shot by Noel Acciari. 1:24 of 2nd period - Shot Misses the Net. 1:26 of 2nd period - Shot by Noel Acciari. 1:26 of 2nd period - Stopped by Ben Bishop without a rebound. 1:27 of 2nd period - Jonathan Toews wins face-off versus Bryan Little in PORTLAND PIRATES zone. 1:41 of 2nd period - Shot by Mike Hoffman. 1:41 of 2nd period - Shot Misses the Net. 1:43 of 2nd period - Shot by Jonathan Toews. 1:43 of 2nd period - Shot Misses the Net. 1:45 of 2nd period - Shot by Gabriel Landeskog. 1:45 of 2nd period - Shot Blocked by Danny DeKeyser. 1:56 of 2nd period - Off-side. 1:57 of 2nd period - Eric Staal wins face-off versus Bryan Rust in neutral zone. 2:00 of 2nd period - Noel Acciari is hit by Rickard Rakell and loses puck. 2:14 of 2nd period - Icing by Thomas Chabot. 2:15 of 2nd period - Eric Staal wins face-off versus Carter Verhaeghe in PORTLAND PIRATES zone. 2:42 of 2nd period - Icing by Shea Theodore. 2:43 of 2nd period - Carter Verhaeghe wins face-off versus Yanni Gourde in VANCOUVER VOODOO zon